 Dungeon Crawl Stone Soup version 0.31-a0-240-gb923e448b6 (webtiles) character file.

Game seed: 10492049835564626221

966 Essalna the Trooper (level 7, 0/63 HPs)
             Began as a Grey Draconian Shapeshifter on July 12, 2023.
             Was a Follower of the Shining One.
             Slain by a bullfrog (1 damage)
             ... on level 6 of the Dungeon.
             The game lasted 00:07:50 (4112 turns).

Essalna the Trooper (Grey Draconian Shapeshifter)   Turns: 4112, Time: 00:07:50

Health: 0/63       AC: 11    Str: 18    XL:     7   Next: 93%
Magic:  7/7        EV: 12    Int:  8    God:    the Shining One [*.....]
Gold:   271        SH:  0    Dex: 19    Spells: 6/6 levels left

rFire   . .          .
                       - Unarmed
rCold   . . .        (no shield)
rNeg    . . .        (body armour unavailable)
rPois   .            (helmet currently unavailable)
rElec   .            (cloak currently unavailable)
rCorr   .            (gloves currently unavailable)
SInv    .            (boots currently unavailable)
Will    .....        (no amulet)
Stlth   +            h - +6 ring of dexterity
HPRegen 0.30/turn    (no ring)
MPRegen 0.10/turn

%: no passive effects
@: lethally poisoned (0 -> -3), beast-form, slowed, glowing, very slow
A: beast (slay +3), AC +11, amphibious, unfitting armour, cold-blooded
a: Renounce Religion, Divine Shield


You were on level 6 of the Dungeon.
You worshipped the Shining One.
The Shining One was aware of your devotion.
You were a hulking beast.
You visited 1 branch of the dungeon, and saw 6 of its levels.

You collected 271 gold pieces.

Inventory:

Jewellery
 h - a +6 ring of dexterity (left hand)
Talismans
 b - a beast talisman
Wands
 j - a wand of flame (20)
 q - a wand of acid (11)
Scrolls
 c - 8 scrolls of identify
 d - a scroll of brand weapon
 f - a scroll of vulnerability
 i - a scroll of fog {unknown}
 k - a scroll of noise {unknown}
 l - a scroll of amnesia {unknown}
 n - a scroll of silence {unknown}
 o - 2 scrolls of teleportation
 t - a scroll of blinking {unknown}
Potions
 a - a potion of lignification
 e - 2 potions of invisibility
 g - 3 potions of degeneration {unknown}
 m - a potion of ambrosia {unknown}
 p - a potion of haste {unknown}
 r - a potion of resistance {unknown}
 s - a potion of berserk rage {unknown}


   Skills:
 + Level 6.2 Fighting
 - Level 1.7 Dodging
 + Level 5.5 Unarmed Combat
 + Level 5.3 Shapeshifting


You had 6 spell levels left.
You didn't know any spells.
Your spell library contained the following spells:

 Spells                   Type           Power      Damage    Failure   Level
 Freeze                   Ice            0%         1d3       41%         1
 Blink                    Tloc           0%         N/A       54%         2
 Ensorcelled Hibernation  Hex/Ice        0%         N/A       54%         2
 Lesser Beckoning         Tloc           0%         N/A       54%         2
 Momentum Strike          Conj/Tloc      0%         3d8       54%         2
 Passwall                 Tmut/Erth      0%         N/A       54%         2
 Poisonous Vapours        Pois/Air       0%         N/A       54%         2
 Frozen Ramparts          Ice            0%         1d1       78%         3
 Hailstorm                Conj/Ice       0%         3d3       78%         3
 Mephitic Cloud           Conj/Pois/Air  0%         N/A       78%         3
 Ozocubu's Armour         Ice            0%         N/A       78%         3
 Swiftness                Air            0%         N/A       78%         3
 Vhi's Electric Charge    Tloc/Air       0%         N/A       78%         3
 Volatile Blastmotes      Fire/Tloc      0%         2d10      78%         3
 Fulminant Prism          Conj/Hex       0%         3d5       99%         4
 Iskenderun's Mystic Bla  Conj/Tloc      0%         2d3       99%         4
 Arcjolt                  Conj/Air       0%         1d10      100%        5
 Freezing Cloud           Conj/Ice/Air   0%         6-21      100%        5
 Metabolic Englaciation   Hex/Ice        0%         N/A       100%        5
 Plasma Beam              Fire/Air       0%         2x1d10    100%        6
 Simulacrum               Ice/Necr       0%         N/A       100%        6
 Ozocubu's Refrigeration  Ice            0%         4d7       100%        7


Dungeon Overview and Level Annotations

Branches:
Dungeon (6/15)
 Temple: D:4-7

Altars:
Ru
Vehumet
The Shining One


Innate Abilities, Weirdness & Mutations

You are a hulking beast.
Your limbs bulge with bestial killing power. (Slay +3)
Your dull iron-grey scales are very hard. (AC +11)
You are amphibious.
You cannot fit into any form of body armour.
You are cold-blooded and may be slowed by cold attacks.


Message History

You are too injured to fight recklessly!
You are too injured to fight recklessly!
You are too injured to fight recklessly!
You are too injured to fight recklessly!
You are too injured to fight recklessly!
You are too injured to fight recklessly!
You are too injured to fight recklessly!
The bullfrog hits you but does no damage.
The orc wizard gestures wildly while chanting.
The orc wizard flickers and vanishes!
Deactivating autopickup; reactivate with Ctrl-A.
The bullfrog hits you.
A magic dart appears from out of thin air!
The magic dart hits you! The bullfrog attacks as you move away!
The bullfrog hits you. The bullfrog misses you.
The orc throws a curare-tipped dart.
The curare-tipped dart closely misses you.
The bullfrog hits you but does no damage.
The orc throws a curare-tipped dart.
The curare-tipped dart hits you.
You are poisoned.
You have difficulty breathing.
You feel yourself slow down.
You feel very sick.
The bullfrog hits you but does no damage.
The hound bites you.
* * * LOW HITPOINT WARNING * * *
Your divine halo glows too brightly for you to become invisible.
The hound attacks as you move away! The hound barely misses you.
You feel very sick. The bullfrog misses you.
The hound bites you but does no damage. The bullfrog barely misses you.
The orc priest mumbles some strange prayers to Beogh against you.
Beogh smites you!
* * * LOW HITPOINT WARNING * * *
The hound attacks as you move away! The hound closely misses you.
* * * LOW HITPOINT WARNING * * *
You feel sick. The hound bites you.
* * * LOW HITPOINT WARNING * * *
The bullfrog hits you.
You die...

........## ##.#
####...## #.# #####
##.# ### #..# ....##
###.## ......####
###...#
.........######....##
..........F......##
#........hh.<...#
#..o............##
##................##
#...o.o........#...#
##..?.........#####.##
##............## ##.##
.###............##
##.##
..........!....## ##.#
...............## ###


You could see a bullfrog, a hound, an orc priest, an orc wizard and an orc.

Vanquished Creatures
  A black bear (D:6)
  2 ogres
  A kobold brigand (D:6)
  A scorpion (D:4)
  3 hounds
  2 orc priests
  2 jellies (D:6)
  2 iguanas
  A sleepcap (D:3)
  6 gnolls
  7 adders
  3 white imps
  3 ufetubi
  4 worms
  4 dart slugs
  15 orcs
  6 ball pythons
  A bat (D:1)
  3 endoplasms
  A giant cockroach (D:1)
  11 goblins
  9 hobgoblins
  3 jackals (D:1)
  10 kobolds
  7 quokkas
  5 rats
113 creatures vanquished.

Notes
Turn   | Place    | Note
-------+----------+-------------------------------------------
     0 | D:1      | Essalna the Draconian Shapeshifter began the quest for the
                  | Orb.
     0 | D:1      | Reached XP level 1. HP: 17/17 MP: 1/1
   159 | D:1      | Reached XP level 2. HP: 25/25 MP: 2/2
   575 | D:2      | Reached XP level 3. HP: 29/30 MP: 3/3
   675 | D:2      | Found a faded altar of an unknown god.
   814 | D:2      | Reached skill level 3 in Fighting
  1500 | D:3      | Reached XP level 4. HP: 33/38 MP: 4/4
  1708 | D:3      | Found a sacrificial altar of Ru.
  2147 | D:4      | Reached XP level 5. HP: 46/46 MP: 5/5
  2195 | D:4      | Reached skill level 4 in Fighting
  2547 | D:4      | Reached XP level 6. HP: 26/53 MP: 6/6
  2974 | D:5      | Entered Level 5 of the Dungeon
  3024 | D:5      | Found a glowing golden altar of the Shining One.
  3072 | D:5      | Became a worshipper of the Shining One
  3227 | D:5      | Identified the +0 quarterstaff of Zealous Conscience
                  | {flame, rN+ Int+4 Dex-5 Stlth+}
  3256 | D:5      | Found a radiant altar of Vehumet.
  3288 | D:5      | Reached skill level 5 in Fighting
  3635 | D:6      | Noticed an orc warrior
  3648 | D:5      | Your scales start taking on a dull iron-grey colour.
  3648 | D:5      | Reached XP level 7. HP: 38/61 MP: 7/7
  3876 | D:6      | Reached skill level 5 in Unarmed Combat
  3900 | D:6      | Reached skill level 5 in Shapeshifting
  4082 | D:6      | Reached * piety under the Shining One
  4091 | D:6      | Reached skill level 6 in Fighting
  4112 | D:6      | HP: 1/63 [hound (3)]
  4112 | D:6      | Slain by a bullfrog

Illustrated notes

Levels and vault maps discovered:
D:1:      dpeg_arrival_arbitrary_a, layout_basic
D:2:      layout_basic, hellmonk_ecumenical_altar_heavens_door
D:3:      layout_loops_ring, mainiacjoe_overflow_alcove_1, st_stairs_2
D:4:      kennysheep_the_goblin_king, layout_rooms
D:5:      layout_basic, nicolae_overflow_crystal_walls,
          nicolae_vehumet_altar_sigil
D:6:      layout_layer_cave, marbit_many_paths, minmay_misc_feat_alley,
          supply_closet_lemuel, minmay_manual_mess

Skill      XL: |  1  2  3  4  5  6  7 |
---------------+----------------------+-----
Fighting       | 3 4 5 6 |  6.2
Unarmed Combat | 3 4 5 |  5.5
Shapeshifting  | 4 5 |  5.3
Dodging        | |  1.7

Action                     |  1- 3 |  4- 6 |  7- 9 || total
---------------------------+-------+-------+-------++-------
  Melee: Unarmed           |    96 |   163 |    42 ||   301
         Tailslap          |    15 |    33 |     8 ||    56
         Punch             |     1 |     9 |     4 ||    14
    Use: Scroll            |     4 |     1 |       ||     5
   Stab: Sleeping          |     1 |     1 |       ||     2
 Armour: Skin              |    30 |    40 |    18 ||    88
  Dodge: Dodged            |    63 |    90 |    31 ||   184
         Form:             |     2 |       |       ||     2
         Beast             |     2 |       |       ||     2

Table legend: (Time is in decaauts)
 A = Elapsed time spent in this place.
 B = Non-inter-level travel time spent in this place.
 C = Inter-level travel time spent in this place.
 D = Time resting spent in this place.
 E = Time spent auto-exploring this place.
 F = Levels seen in this place.
 G = Mean time per level.
                   A        B        C        D        E       F      G
               +--------+--------+--------+--------+--------+-----+--------+
         Total |   4092 |   3929 |    163 |     68 |   3125 |   6 |  682.0 |
       Dungeon |   4092 |   3929 |    163 |     68 |   3125 |   6 |  682.0 |
               +--------+--------+--------+--------+--------+-----+--------+

Top non-repeatable levels by time:
     D:2: 895 daAuts
     D:3: 788 daAuts
     D:5: 780 daAuts
     D:4: 732 daAuts
     D:1: 544 daAuts
     D:6: 349 daAuts
